ABL
CANBERRA RAIDERS @ SOUTH MELBOURNE SWANS
05/11/2022
 
TOP OF THE 1ST
Canberra Raiders batting - Pitching for South Melbourne Swans : RHP Trey Sherwin
Pitching: RHP Trey Sherwin
Batting: SHB Matt Melsome 0-0: Called Strike
0-1: Ground out 4-3 (Groundball, 4, EV 85.6 MPH)
Batting: RHB Bob Burdikin 0-0: Foul Ball, location: 2F
0-1: Foul Ball, location: 3F
0-2: Foul Ball, location: 7LMFF
0-2: Ground out 6-3 (Groundball, 6, EV 106.9 MPH)
Batting: LHB Les Westren 0-0: Ball
1-0: Ground out 4-3 (Groundball, 4M, EV 88.1 MPH)
Top of the 1st over - 0 runs, 0 hits, 0 errors, 0 left on base; Canberra 0 - South Melbourne 0
BOTTOM OF THE 1ST
South Melbourne Swans batting - Pitching for Canberra Raiders : LHP Steve Meggison
Pitching: LHP Steve Meggison
Batting: LHB Braeden Scarth 0-0: Foul Ball, location: 3FF
0-1: Foul Ball, location: 25F
0-2: Fly out, F6 (Popup, 6S, EV 86.3 MPH)
Batting: RHB Jarrod Rudder 0-0: DOUBLE (Groundball, 5L, EV 97.5 MPH)
Batting: LHB Calvin Ingleby 0-0: SINGLE (Groundball, 34D, EV 108.1 MPH)
Jarrod Rudder to third
Runner from 3rd tries for Home, SAFE, throw by RF to home
Batting: RHB Hector Gomez 0-0: Ball
1-0: Called Strike
1-1: Fly out, F8 (Flyball, 8RD, EV 108.1 MPH)
Batting: RHB Kole Palethorpe 0-0: Called Strike
0-1: Ball
1-1: Fly out, F8 (Flyball, 8RM, EV 85.6 MPH)
Bottom of the 1st over - 1 run, 2 hits, 0 errors, 1 left on base; Canberra 0 - South Melbourne 1
TOP OF THE 2ND
Canberra Raiders batting - Pitching for South Melbourne Swans : RHP Trey Sherwin
Batting: RHB Jory Esplin 0-0: Ball
1-0: Ball
2-0: Swinging Strike
2-1: Foul Ball, location: 9LMF
2-2: Strikes out looking
Batting: RHB Tim Kennelly 0-0: Ball
1-0: Called Strike
1-1: Foul Ball, location: 5FF
1-2: Fly out, F9 (Flyball, 9, EV 94.4 MPH)
Batting: LHB Glen Hamlyn 0-0: Ball
1-0: SINGLE (Line Drive, 6D, EV 95.0 MPH)
Batting: LHB Darrien Simmons 0-0: Called Strike
0-1: Foul Ball, location: 23FF
0-2: Strikes out swinging
Top of the 2nd over - 0 runs, 1 hit, 0 errors, 1 left on base; Canberra 0 - South Melbourne 1
BOTTOM OF THE 2ND
South Melbourne Swans batting - Pitching for Canberra Raiders : LHP Steve Meggison
Batting: RHB Rhett Johnston 0-0: Called Strike
0-1: Ball
1-1: Swinging Strike
1-2: Strikes out swinging
Batting: RHB Ronny Bracegirdle 0-0: SINGLE (Groundball, 6M, EV 110.0 MPH) (infield hit)
Batting: RHB Michael Hancock 0-0: Called Strike
Ronny Bracegirdle is caught stealing 2nd base 2-4
0-1: Ball
1-1: Called Strike
1-2: Foul Ball, location: 9LSF
1-2: Ground out 4-3 (Groundball, 4, EV 85.6 MPH)
Bottom of the 2nd over - 0 runs, 1 hit, 0 errors, 0 left on base; Canberra 0 - South Melbourne 1
TOP OF THE 3RD
Canberra Raiders batting - Pitching for South Melbourne Swans : RHP Trey Sherwin
Batting: LHB Steve Meggison 0-0: Called Strike
0-1: Foul Ball, location: 2F
0-2: Fly out, F8 (Flyball, 8LD, EV 96.9 MPH)
Batting: RHB Brad Windus 0-0: Ball
1-0: Fly out, F8 (Flyball, 8LXD, EV 101.9 MPH)
Batting: SHB Matt Melsome 0-0: Ball
1-0: Ball
2-0: Swinging Strike
2-1: Swinging Strike
2-2: Ball
3-2: Strikes out looking
Top of the 3rd over - 0 runs, 0 hits, 0 errors, 0 left on base; Canberra 0 - South Melbourne 1
BOTTOM OF THE 3RD
South Melbourne Swans batting - Pitching for Canberra Raiders : LHP Steve Meggison
Batting: RHB Trey Sherwin 0-0: Fly out, F9 (Flyball, 9D, EV 102.5 MPH)
Batting: LHB Braeden Scarth 0-0: Fly out, F8 (Flyball, 8LD, EV 110.0 MPH)
Batting: RHB Jarrod Rudder 0-0: Fly out, F4 (Popup, 4, EV 61.3 MPH)
Bottom of the 3rd over - 0 runs, 0 hits, 0 errors, 0 left on base; Canberra 0 - South Melbourne 1
TOP OF THE 4TH
Canberra Raiders batting - Pitching for South Melbourne Swans : RHP Trey Sherwin
Batting: RHB Bob Burdikin 0-0: Swinging Strike
0-1: Foul Ball, location: 9LMF
0-2: Foul Ball, location: 9LMF
0-2: Foul Ball, location: 2F
0-2: Ball
1-2: Ball
2-2: Ball
3-2: Strikes out swinging
Batting: LHB Les Westren 0-0: Ball
1-0: Ball
2-0: Ball
3-0: Called Strike
3-1: Foul Ball, location: 2F
3-2: Base on Balls
Batting: RHB Jory Esplin 0-0: Swinging Strike
0-1: Called Strike
0-2: Strikes out looking
Batting: RHB Tim Kennelly 0-0: Foul Ball, location: 2F
0-1: Called Strike
0-2: Strikes out swinging
Top of the 4th over - 0 runs, 0 hits, 0 errors, 1 left on base; Canberra 0 - South Melbourne 1
BOTTOM OF THE 4TH
South Melbourne Swans batting - Pitching for Canberra Raiders : LHP Steve Meggison
Batting: LHB Calvin Ingleby 0-0: Called Strike
0-1: Ball
1-1: Ball
2-1: Called Strike
2-2: Ball
3-2: Foul Ball, location: 9LSF
3-2: DOUBLE (Flyball, 8RXD, EV 101.9 MPH)
Batting: RHB Hector Gomez 0-0: Ball
1-0: Ball
2-0: Called Strike
2-1: Swinging Strike
2-2: Ball
3-2: SINGLE (Line Drive, 9S, EV 95.0 MPH)
Calvin Ingleby to third
Batting: RHB Kole Palethorpe 0-0: SINGLE (Line Drive, 56D, EV 103.1 MPH)
Calvin Ingleby scores
Hector Gomez to second
Batting: RHB Rhett Johnston 0-0: Called Strike
0-1: Ball
1-1: Foul Ball, location: 9LSF
1-2: Foul Ball, location: 9LDF
1-2: Strikes out swinging
Batting: RHB Ronny Bracegirdle 0-0: Ball
1-0: Ball
2-0: Foul Ball, location: 2F
2-1: Called Strike
Hector Gomez steals 3rd base
Kole Palethorpe to second
2-2: Reached on error, E6 (Groundball, 6, EV 91.3 MPH)
Hector Gomez scores
Kole Palethorpe to third
Batting: RHB Michael Hancock 0-0: Called Strike
0-1: DOUBLE (Line Drive, 89M, EV 107.5 MPH)
Kole Palethorpe scores
Ronny Bracegirdle to third
Batting: RHB Trey Sherwin 0-0: Ball
1-0: Called Strike
1-1: Ground out 5-3 (Groundball, 56, EV 81.3 MPH)
Ronny Bracegirdle scores
Batting: LHB Braeden Scarth 0-0: Ball
1-0: SINGLE (Line Drive, 7S, EV 103.1 MPH)
Michael Hancock to third
Runner from 3rd tries for Home, SAFE, throw by LF to home
Batting: RHB Jarrod Rudder 0-0: Called Strike
0-1: Ball
1-1: Swinging Strike
1-2: Ball
2-2: Ball
3-2: Fly out, F8 (Flyball, 8LM, EV 78.8 MPH)
Bottom of the 4th over - 5 runs, 5 hits, 1 error, 1 left on base; Canberra 0 - South Melbourne 6
TOP OF THE 5TH
Canberra Raiders batting - Pitching for South Melbourne Swans : RHP Trey Sherwin
Batting: LHB Glen Hamlyn 0-0: Ball
1-0: Ball
2-0: Ground out 4-3 (Groundball, 4, EV 83.8 MPH)
Batting: LHB Darrien Simmons 0-0: Called Strike
0-1: Foul Ball, location: 23F
0-2: Foul Ball, location: 5F
0-2: Fly out, F7 (Flyball, 78M, EV 94.4 MPH)
Batting: LHB Steve Meggison 0-0: Called Strike
0-1: Ball
1-1: Called Strike
1-2: Foul Ball, location: 2F
1-2: Ball
2-2: Strikes out swinging
Top of the 5th over - 0 runs, 0 hits, 0 errors, 0 left on base; Canberra 0 - South Melbourne 6
BOTTOM OF THE 5TH
South Melbourne Swans batting - Pitching for Canberra Raiders : LHP Steve Meggison
Batting: LHB Calvin Ingleby 0-0: Swinging Strike
0-1: Swinging Strike
0-2: Ball
1-2: Strikes out swinging
Batting: RHB Hector Gomez 0-0: Ball
1-0: Called Strike
1-1: Swinging Strike
1-2: Ball
2-2: Foul Ball, location: 7LMF
2-2: Foul Ball, location: 2F
2-2: Fly out, F8 (Flyball, 8RM, EV 96.3 MPH)
Batting: RHB Kole Palethorpe 0-0: Ball
1-0: Ball
2-0: Foul Ball, location: 9LMF
2-1: Ball
3-1: Called Strike
3-2: Strikes out swinging
Bottom of the 5th over - 0 runs, 0 hits, 0 errors, 0 left on base; Canberra 0 - South Melbourne 6
TOP OF THE 6TH
Canberra Raiders batting - Pitching for South Melbourne Swans : RHP Trey Sherwin
Batting: RHB Brad Windus 0-0: Ball
1-0: Ball
2-0: Called Strike
2-1: Ball
3-1: Called Strike
3-2: Strikes out swinging
Batting: SHB Matt Melsome 0-0: DOUBLE (Line Drive, 7LM, EV 103.1 MPH)
Batting: RHB Bob Burdikin 0-0: Called Strike
0-1: Foul Ball, location: 2F
0-2: Ball
1-2: Foul Ball, location: 2F
1-2: Strikes out swinging
Batting: LHB Les Westren 0-0: Ball
1-0: Called Strike
1-1: SINGLE (Flyball, 8LS, EV 91.9 MPH)
Matt Melsome to third
Runner from 3rd tries for Home, SAFE, throw by CF to home
Batting: RHB Jory Esplin 0-0: SINGLE (Groundball, 4MD, EV 98.1 MPH)
Les Westren to second
Batting: RHB Tim Kennelly 0-0: Foul Ball, location: 2F
0-1: Foul Ball, location: 9LMF
0-2: Ball
1-2: Foul Ball, location: 5DF
1-2: Ball
2-2: Foul Ball, location: 25F
2-2: SINGLE (Line Drive, 9S, EV 101.9 MPH)
Les Westren to third
Jory Esplin to second
Batting: LHB Glen Hamlyn 0-0: Ball
1-0: Ball
2-0: Swinging Strike
2-1: Foul Ball, location: 5SF
2-2: Ground out U3 (Groundball, 3L, EV 85.6 MPH)
Top of the 6th over - 1 run, 4 hits, 0 errors, 3 left on base; Canberra 1 - South Melbourne 6
BOTTOM OF THE 6TH
South Melbourne Swans batting - Pitching for Canberra Raiders : LHP Steve Meggison
Pitching: RHP Phil Rhind
Batting: RHB Rhett Johnston 0-0: Called Strike
0-1: Ball
1-1: Called Strike
1-2: Hit by Pitch
Batting: RHB Ronny Bracegirdle 0-0: Fly out, F7 (Flyball, 7, EV 89.4 MPH)
Batting: RHB Michael Hancock 0-0: Called Strike
0-1: Ground out 4-3 (Groundball, 4M, EV 70.6 MPH)
Rhett Johnston to second
Batting: RHB Trey Sherwin 0-0: Ball
1-0: Swinging Strike
1-1: Ball
2-1: Ball
3-1: Base on Balls
Batting: LHB Braeden Scarth 0-0: Ball
1-0: Fly out, F2 (Popup, 25F, EV 87.5 MPH)
Bottom of the 6th over - 0 runs, 0 hits, 0 errors, 2 left on base; Canberra 1 - South Melbourne 6
TOP OF THE 7TH
Canberra Raiders batting - Pitching for South Melbourne Swans : RHP Trey Sherwin
Batting: LHB Darrien Simmons 0-0: Called Strike
0-1: Swinging Strike
0-2: Strikes out swinging
Pinch Hitting: RHB Xavier Millington 0-0: Swinging Strike
0-1: Called Strike
0-2: Ball
1-2: Strikes out swinging
Batting: RHB Brad Windus 0-0: Ball
1-0: Ball
2-0: Called Strike
2-1: Foul Ball, location: 2F
2-2: Foul Ball, location: 3DF
2-2: Ball
3-2: Foul Ball, location: 7LSF
3-2: Fly out, F3 (Popup, 3, EV 70.6 MPH)
Top of the 7th over - 0 runs, 0 hits, 0 errors, 0 left on base; Canberra 1 - South Melbourne 6
BOTTOM OF THE 7TH
South Melbourne Swans batting - Pitching for Canberra Raiders : RHP Phil Rhind
Pitching: RHP Mitch Lawrenson
Batting: RHB Jarrod Rudder 0-0: Swinging Strike
0-1: Foul Ball, location: 23F
0-2: Ball
1-2: Ball
2-2: Strikes out looking
Batting: LHB Calvin Ingleby 0-0: SINGLE (Groundball, 3D, EV 104.4 MPH)
Batting: RHB Hector Gomez 0-0: Ball
1-0: Called Strike
1-1: Ball
2-1: Ball
3-1: Fly out, F9 (Flyball, 9D, EV 100.6 MPH)
Batting: RHB Kole Palethorpe 0-0: Foul Ball, location: 2F
0-1: Ball
1-1: Foul Ball, location: 2F
1-2: TRIPLE (Line Drive, 89XD, EV 103.8 MPH)
Calvin Ingleby scores
Batting: RHB Rhett Johnston 0-0: Called Strike
0-1: Foul Ball, location: 2F
0-2: Fly out, F7 (Flyball, 7S, EV 91.9 MPH)
Bottom of the 7th over - 1 run, 2 hits, 0 errors, 1 left on base; Canberra 1 - South Melbourne 7
TOP OF THE 8TH
Canberra Raiders batting - Pitching for South Melbourne Swans : RHP Trey Sherwin
Pitching: RHP Colm Curson
Batting: SHB Matt Melsome 0-0: Ball
1-0: Ground out 5-3 (Groundball, 56, EV 110.0 MPH)
Batting: RHB Bob Burdikin 0-0: Called Strike
0-1: Called Strike
0-2: Foul Ball, location: 23FF
0-2: Strikes out swinging
Batting: LHB Les Westren 0-0: Called Strike
0-1: Called Strike
0-2: Strikes out swinging
Top of the 8th over - 0 runs, 0 hits, 0 errors, 0 left on base; Canberra 1 - South Melbourne 7
BOTTOM OF THE 8TH
South Melbourne Swans batting - Pitching for Canberra Raiders : RHP Mitch Lawrenson
Batting: RHB Ronny Bracegirdle 0-0: DOUBLE (Flyball, 78D, EV 93.1 MPH)
Batting: RHB Michael Hancock 0-0: Ball
1-0: Ground out 2-3 (Groundball, 13S, EV 68.1 MPH)
Pinch Hitting: RHB Mark Goudie 0-0: Ball
1-0: Ball
2-0: Ball
3-0: Called Strike
3-1: Ground out 5-3 (Groundball, 56, EV 86.9 MPH)
Ronny Bracegirdle to third
Batting: LHB Braeden Scarth 0-0: Ball
1-0: Called Strike
1-1: Foul Ball, location: 2F
1-2: Ball
2-2: Strikes out looking
Bottom of the 8th over - 0 runs, 1 hit, 0 errors, 1 left on base; Canberra 1 - South Melbourne 7
TOP OF THE 9TH
Canberra Raiders batting - Pitching for South Melbourne Swans : RHP Colm Curson
Pitching: LHP Jory White
Batting: RHB Jory Esplin 0-0: Ball
1-0: Ball
2-0: Ball
3-0: Called Strike
3-1: Base on Balls
Batting: RHB Tim Kennelly 0-0: Called Strike
0-1: Ball
1-1: Ball
2-1: Swinging Strike
2-2: Ball
3-2: DOUBLE (Line Drive, 9LD, EV 105.0 MPH)
Jory Esplin to third
Batting: LHB Glen Hamlyn 0-0: Ball
1-0: Ball
2-0: Foul Ball, location: 25F
2-1: Ball
3-1: Foul Ball, location: 25FF
3-2: Strikes out swinging
Pinch Hitting: RHB Jamie Aplin 0-0: Ball
1-0: Foul Ball, location: 9LSF
1-1: Ball
2-1: SINGLE (Flyball, 4D, EV 95.0 MPH)
Jory Esplin scores
Tim Kennelly to third
Pinch Hitting: LHB Trent Tombs 0-0: Ball
1-0: Ball
2-0: Called Strike
2-1: Swinging Strike
2-2: Strikes out looking
Batting: RHB Brad Windus 0-0: Foul Ball, location: 2F
0-1: Ball
1-1: Foul Ball, location: 3SF
1-2: Strikes out looking
Top of the 9th over - 1 run, 2 hits, 0 errors, 2 left on base; Canberra 2 - South Melbourne 7
Tuesday, April 30th , 2024 - OOTP Baseball 24.9 Build 80